 Dungeon Crawl Stone Soup version 0.19-a0-1292-g796ee4d (webtiles) character file.

178 Kidiri the Magician (level 5, -2/28 HPs)
             Began as a Deep Elf Fire Elementalist on Aug 30, 2016.
             Killed by nerve-wracking pain
             ... invoked by an orc priest
              (13 damage)
             ... on level 3 of the Dungeon.
             The game lasted 00:09:42 (3048 turns).

Kidiri the Magician (Deep Elf Fire Elementalist)    Turns: 3048, Time: 00:09:43

Health: -2/28      AC:  4    Str:  8    XL:     5   Next: 32%
Magic:  0/15       EV: 13    Int: 21    God:
Gold:   124        SH:  0    Dex: 15    Spells: 5 memorised, 2 levels left

rFire  . . .     SeeInvis .     j - +1 dagger (holy)
rCold  . . .     Gourm    .     a - +0 robe
rNeg   . . .     Faith    .     (no shield)
rPois  .         Spirit   .     (no helmet)
rElec  .         Dismiss  .     (no cloak)
rCorr  .         Reflect  .     f - +1 pair of gloves
MR     .....     Harm     .     (no boots)
Stlth  ++........               (no amulet)
                                (no ring)
                                k - +3 ring of strength (curse)

@: no status effects
A: no striking features
a: no special abilities


You were on level 3 of the Dungeon.
You were not hungry.

You visited 1 branch of the dungeon, and saw 3 of its levels.

You collected 124 gold pieces.

Inventory:

Hand Weapons
 j - a +1 dagger of holy wrath (weapon)
Armour
 a - a +0 robe (worn)
 f - a +1 pair of gloves (worn)
Jewellery
 k - a cursed +3 ring of strength (left hand)
Potions
 e - a potion of curing {unknown}
 h - 2 potions of lignification {unknown}
 o - a potion of heal wounds {unknown}
Books
 b - a book of Flames

   Spells                             Type                      Level
   a - Flame Tongue                   Conjuration/Fire             1
   b - Throw Flame                    Conjuration/Fire             2
   c - Conjure Flame                  Conjuration/Fire             3
   d - Inner Flame                    Hexes/Fire                   3
   e - Sticky Flame                   Conjuration/Fire             4
   f - Fireball                       Conjuration/Fire             5
Comestibles
 c - a bread ration
 d - 4 chunks of flesh
 g - 3 fruits
 l - a royal jelly


   Skills:
 - Level 2.4 Dodging
 - Level 2.4 Stealth
 * Level 5.6 Spellcasting
 + Level 2.9 Conjurations
 + Level 4.4 Fire Magic


You had 2 spell levels left.
You knew the following spells:

 Your Spells              Type           Power        Failure   Level  Hunger
a - Flame Tongue          Conj/Fire      ###..        1%          1    None
b - Throw Flame           Conj/Fire      ###...       3%          2    None
c - Conjure Flame         Conj/Fire      ###.....     10%         3    ##.....
d - Inner Flame           Hex/Fire       ###.....     14%         3    ##.....
e - Sticky Flame          Conj/Fire      ###.....     24%         4    ####...


Dungeon Overview and Level Annotations

Branches:
Dungeon (3/15)

Altars:
Nemelex Xobeh
Okawaru
Ru
The Shining One


Message History

The flame tongue hits the orc priest.
The orc priest is severely wounded.
The orc priest hits you with a club.
Casting: Flame Tongue
Confirm with . or Enter, or press ? or * to list all spells.
Aiming: Flame Tongue
Press: ? - help, Shift-Dir - straight line, f/p - orc priest
Aim: an orc priest, wielding a club (severely wounded)
The flame tongue hits the orc priest.
The orc priest is almost dead.
The orc priest closely misses you.
Casting: Flame Tongue
Confirm with . or Enter, or press ? or * to list all spells.
You don't have enough magic to cast that spell.
Unknown command.
You closely miss the orc priest.
The orc priest is almost dead.
The orc priest mumbles some strange prayers to Beogh against you.
Pain shoots through your body!
You die...

o. #..# . .##
######.# .o ..####
.......[. #.#....#
#######.. #......#
#.. #.o...# #..
#.....# #..
#.....############
#..
#.....'o@.........
#..
#.....############
#.. #.....#
#.....# ###+###


You could see an orc priest.

Vanquished Creatures
  An orc wizard (D:3)
  A gnoll (D:2)
  6 adders
  An ooze (D:2)
  3 dart slugs
  6 orcs
  9 giant cockroaches
  6 goblins
  7 hobgoblins
  6 jackals
  9 kobolds
  11 bats
  5 rats
71 creatures vanquished.

Notes
Turn   | Place    | Note
-------+----------+-------------------------------------------
     0 | D:1      | Kidiri the Deep Elf Fire Elementalist began the quest for the Orb.
     0 | D:1      | Reached XP level 1. HP: 10/10 MP: 6/6
    89 | D:1      | Found a sparkling altar of Nemelex Xobeh.
   452 | D:1      | Reached XP level 2. HP: 15/15 MP: 5/8
   456 | D:1      | Learned a level 2 spell: Throw Flame
  1083 | D:2      | Reached skill level 4 in Spellcasting
  1137 | D:2      | Reached XP level 3. HP: 17/19 MP: 1/10
  1142 | D:2      | Learned a level 3 spell: Conjure Flame
  1146 | D:2      | Learned a level 3 spell: Inner Flame
  1303 | D:2      | Found a sacrificial altar of Ru.
  1674 | D:2      | Found a glowing golden altar of the Shining One.
  1718 | D:2      | Reached XP level 4. HP: 24/24 MP: 8/12
  1756 | D:2      | Reached skill level 5 in Spellcasting
  1763 | D:2      | Found an iron altar of Okawaru.
  1846 | D:2      | Learned a level 4 spell: Sticky Flame
  2828 | D:3      | Reached XP level 5. HP: 28/28 MP: 12/14
  3048 | D:3      | Killed from afar by an orc priest

Vault maps used:
D:1:      saegor_arrival_under_anarchy, nemelex_xobeh_ov_fountains_minmay
D:2:      minmay_roachtagon, overflow_temple_1_default,
          okawaru_altar_gauntlet_db, nicolae_overflow_crystal_walls
D:3:      lemuel_crystal_altar, lemuel_round_altar, ecumenical_altar_1,
          kennysheep_generic_room_4

Skill      XL: |  1  2  3  4 |
---------------+-------------+-----
Spellcasting   | 4 5 |  5.6
Conjurations   | 2 |  2.9
Fire Magic     | 4 |  4.4
Dodging        | |  2.4
Stealth        | |  2.4

Action                   |  1- 3 |  4- 6 || total
-------------------------+-------+-------++-------
Melee: Unarmed           |     7 |       ||     7
       Dagger            |     8 |    26 ||    34
 Cast: Flame Tongue      |    63 |    58 ||   121
       Throw Flame       |     9 |     7 ||    16
       Conjure Flame     |       |     2 ||     2
  Use: Scroll            |       |     4 ||     4
 Stab: Sleeping          |     1 |     2 ||     3
  Eat: Chunk             |     2 |     5 ||     7
Armor: Robe              |    17 |    12 ||    29
Dodge: Dodged            |    54 |    54 ||   108
